AoeStats
← MaxiMoO

Arabia

510003849Analyzed
1v1 RM · 2d ago on Sep 29, 2026· 34m 12s· 2 players
Game mode
Random Map
Map size
Tiny (2 player)
Population
200
Speed
Normal
Resources
Standard
Victory
Conquest
Starting age
Dark Age
Ending age
Imperial Age
RankedLock teamsTeams togetherTeam positionsShared explorationLock speedFull tech treeHidden civsTurbo modeCheats
Victory
Defeat
🇦🇷 Cumans · Argentina
1266
+16
🇨🇴 Mongols · Colombia
1263
-16
Match Point
4:46 Loom
8:12 Feudal Age
9:12 Double-Bit Axe
22:05 Castle Age
21:13 Gold Mining
21:56 Stone Mining
23:23 Bow Saw
25:15 Town Watch
26:05 Wheelbarrow
26:57 Husbandry
27:07 Bloodlines
29:17 Fletching
33:11 Bodkin Arrow
MaxiMoO
9:14 Feudal Age
7:32 Loom
9:18 Feudal Age
10:29 Double-Bit Axe
11:53 Town Watch
18:36 Horse Collar
23:41 Castle Age
22:20 Wheelbarrow
22:41 Gold Mining
23:38 Scale Barding Armor
23:44 Forging
24:04 Bloodlines
26:39 Chain Barding Armor
33:11 Iron Casting
Connection lost

Rejoining the realm…

Still unreachable

The connection could not be restored.

Session expired

The server has moved on; the page needs a fresh start.